AoeStats
← evenfournier13

Arena

510418494Analyzed
2v2 RM · 2d ago on Sep 30, 2026· 42m 37s· 4 players
Game mode
Random Map
Map size
Medium (4 player)
Population
200
Speed
Normal
Resources
Standard
Victory
Conquest
Starting age
Dark Age
Ending age
Imperial Age
RankedLock teamsTeams togetherTeam positionsShared explorationLock speedFull tech treeHidden civsTurbo modeCheats
Victory
Defeat
🇪🇸 Cumans · Spain
747
+14
🇦🇷 Bulgarians · Argentina
744
+14
🇨🇦 Mongols · Canada
697
-14
🇨🇦 Tupi · Canada
692
-14
evenfournier13
5:19 Loom
11:03 Feudal Age
12:32 Wheelbarrow
11:45 Double-Bit Axe
11:42 Horse Collar
13:02 Gold Mining
14:52 Stone Mining
15:33 Fletching
20:13 Castle Age
20:33 Padded Archer Armor
21:36 Bow Saw
21:28 Bodkin Arrow
24:10 Husbandry
24:22 Bloodlines
27:45 Leather Archer Armor
27:51 Caravan
28:31 Ballistics
28:42 Hand Cart
28:33 Heavy Plow
28:58 Murder Holes
28:54 Town Watch
31:30 Town Patrol
37:51 Imperial Age
36:46 Fervor
37:13 Forging
37:24 Fortified Wall
40:11 Chemistry
40:24 Drill
40:49 Onager
tommy_comeau
9:59 Feudal Age
8:29 Loom
10:33 Horse Collar
10:41 Double-Bit Axe
10:49 Gold Mining
15:56 Wheelbarrow
15:07 Town Watch
22:12 Castle Age
21:09 Stone Mining
38:48 Heavy Plow
39:15 Bow Saw
fumomuch5515
9:38 Feudal Age
12:46 Gold Mining
12:53 Double-Bit Axe
22:14 Castle Age
21:12 Horse Collar
25:07 Heavy Plow
25:19 Bow Saw
26:46 Fletching
26:24 Capped Ram
29:13 Gold Shaft Mining
29:31 Steppe Husbandry
29:00 Elite Skirmisher
31:15 Bodkin Arrow
35:38 Ballistics
37:53 Imperial Age
36:42 Scale Barding Armor
36:49 Forging
37:07 Thumb Ring
38:48 Wheelbarrow
39:50 Two-Man Saw
39:58 Chemistry
39:24 Chain Barding Armor
40:10 Stone Mining
41:21 Parthian Tactics
41:17 Elite Kipchak
rotrox24
10:53 Feudal Age
11:34 Horse Collar
11:51 Double-Bit Axe
13:15 Wheelbarrow
16:03 Forging
15:54 Scale Mail Armor
19:05 Gold Mining
19:09 Stone Mining
28:11 Castle Age
26:41 Bloodlines
27:34 Scale Barding Armor
29:07 Hand Cart
28:55 Heavy Plow
29:07 Bow Saw
29:40 Gold Shaft Mining
29:13 Squires
28:59 Gambesons
30:05 Town Watch
31:33 Husbandry
30:55 Light Cavalry
33:18 Iron Casting
32:58 Chain Mail Armor
33:43 Stirrups
34:16 Chain Barding Armor
37:06 Stone Shaft Mining
40:05 Imperial Age
37:28 Pikeman
38:47 Town Patrol
41:30 Conscription
41:35 Bagains
41:54 Elite Konnik
Connection lost

Rejoining the realm…

Still unreachable

The connection could not be restored.

Session expired

The server has moved on; the page needs a fresh start.